 Dungeon Crawl Stone Soup version 0.17.1-2-g5865329 (webtiles) character file.

27207 Kostja the Covert (level 13, -5/93 HPs)
             Began as a Gargoyle Fighter on Jan 14, 2016.
             Was the Champion of the Shining One.
             Slain by a salamander
             ... wielding a +0 glaive
              (13 damage)
             ... on level 1 of the Snake Pit on Jan 15, 2016.
             The game lasted 04:41:05 (23007 turns).

Kostja the Covert (Gargoyle Fighter)               Turns: 23007, Time: 04:41:05

Health: -5/93      AC: 33    Str: 26    XL:     13   Next: 30%
Magic:  13/13      EV:  9    Int: 15    God:    the Shining One [******]
Gold:   430        SH: 12    Dex: 13    Spells: 0 memorised, 12 levels left

rFire  . . .     SeeInvis .     a - +4 whip (holy)
rCold  . . .     Clarity  +     N - +5 ring mail of Ymiot {rCorr}
rNeg   + + +     SustAt   .     c - +0 shield
rPois  ∞         Gourm    .     B - +1 helmet
rElec  +         Spirit   .     (no cloak)
rCorr  +         Warding  .     P - +0 pair of gloves
rMut   .         Stasis   .     j - +3 pair of boots "Moluug" {rPois Int+7}
MR     .....                    G - amulet of clarity
Stlth  ++........               D - +3 ring of protection
                                h - +4 ring of strength

@: very slightly contaminated, slowed, glowing, very slow, not resistant to
hostile enchantments, unstealthy
A: talons 1, thin skeletal structure 1, dopey 1, negative energy resistance 1,
robust 1, electricity resistance, unbreathing, petrification resistance, rot
immunity, AC +9
a: Divine Shield, Cleansing Flame, Summon Divine Warrior, Renounce Religion


You were on level 1 of the Snake Pit.
You worshipped the Shining One.
The Shining One was exalted by your worship.
You were not hungry.

You visited 6 branches of the dungeon, and saw 21 of its levels.

You collected 1177 gold pieces.
You spent 747 gold pieces at shops.

Inventory:

Hand Weapons
 a - a +4 whip of holy wrath (weapon)
 b - a +1 morningstar of freezing
 m - a +2 flail of protection
Armour
 c - a +0 shield (worn)
 d - a +2 robe of cold resistance
 j - the +3 pair of boots "Moluug" (worn) {rPois Int+7}
   (You found it on level 1 of the Lair of Beasts)

   It affects your intelligence (+7).
   It protects you from poison.
 B - a +1 helmet (worn)
 N - the +5 ring mail of Ymiot (worn) {rCorr}
   (You bought it in a shop on level 6 of the Dungeon)

   It protects you from acid and corrosion.
 P - a +0 pair of gloves (worn)
 S - the +0 robe of Liberalism {rF+ Int+4 Stlth+}
   (You found it on level 4 of the Lair of Beasts)

   It affects your intelligence (+4).
   It protects you from fire.
   It makes you more stealthy.
Jewellery
 h - a +4 ring of strength (left hand)
 p - an uncursed ring of teleportation
 D - a +3 ring of protection (right hand)
 F - an uncursed ring of flight
 G - an amulet of clarity (around neck)
 K - an uncursed ring of sustain attributes
 L - an uncursed ring of see invisible
Wands
 k - a wand of fireball (8)
 y - a wand of digging (14)
 z - a wand of fireball (11)
 Q - a wand of cold (6)
 T - a wand of disintegration (11)
Scrolls
 n - 3 scrolls of enchant armour
 q - 2 scrolls of magic mapping
 r - 4 scrolls of immolation
 s - a scroll of identify
 v - 3 scrolls of recharging
 w - a scroll of teleportation
 C - 9 scrolls of remove curse
 J - a scroll of fog
 R - a scroll of summoning {unknown}
Potions
 t - 2 potions of haste
 u - 3 potions of ambrosia
 x - a potion of cure mutation
 A - 2 potions of mutation
 E - 3 potions of curing
 O - a potion of flight
 V - a potion of lignification
Comestibles
 e - 6 bread rations
 f - 5 meat rations
 g - 7 slices of pizza
 i - 8 beef jerkies


   Skills:
 * Level 11.7 Fighting
 * Level 10.9 Maces & Flails
 * Level 12.0 Armour
 * Level 12.1 Stealth
 + Level 8.8 Shields


You had 12 spell levels left.
You didn't know any spells.

Dungeon Overview and Level Annotations

Branches:
Dungeon (11/15)            Temple (1/1) D:5            Lair (4/8) D:9
  Swamp (1/4) Lair:4        Snake (1/4) Lair:4          Orc (3/4) D:9
    Elf: Orc:3-4

Altars:
Ashenzari
Cheibriados
Dithmenos
Elyvilon
Fedhas
Gozag
Kikubaaqudgha
Makhleb
Nemelex Xobeh
Okawaru
Qazlal
Ru
Sif Muna
Trog
Vehumet
Xom
Yredelemnul
Zin
The Shining One

Shops:
D:6 [%*%[   D:10 (   Orc:3 ?

Annotations:
D:11 Gastronok
Lair:4 Snorg


Innate Abilities, Weirdness & Mutations

You are resistant to torment.
Your stone body is resilient (AC +9).
You are immune to poison.
You resist negative energy.
You are resistant to electric shocks.
You can survive without breathing.
You are immune to petrification.
You are immune to rotting.
You have sharp toenails.
You have a somewhat thin skeletal structure (Dex +2, Stealth).
You are dopey. (Int -2)
You are robust (+10% HP).


Message History

The guardian serpent gestures with its tail.
The naga hits you with a halberd of protection!
* * * LOW HITPOINT WARNING * * *
The naga barely misses you. The naga spits poison at you.
You block the splash of poison.
Read which item? (? for menu, Esc to quit)
Okay, then.
Drink which item? (? for menu, Esc to quit)
You feel better.
Your surroundings suddenly seem different.
The salamander barely misses you.
The salamander hits you from afar with a glaive.
* * * LOW HITPOINT WARNING * * *
You are engulfed in flames!
* * * LOW HITPOINT WARNING * * *
The salamander hits you from afar with a glaive!
The Shining One protects you from harm!
You are engulfed in flames!
You die...

. #....#........#....
.. #..........^..###..
...
#.......##...####.#
#.#
#...........####..#
#.##.............###..
..
#........(####.......
...#....N#.(##
###.....
..##...##)#### ######
#.#.(@###..N###
#.....###....#####
##.....######....####
##..##...####.......
##.#####..####†.###
.##.## ##.####).#
.##.##.## #..##...###
.....##.# #..........
#....#..######.......


You could see a salamander.

Vanquished Creatures
  3 hydras
  A naga sharpshooter (Snake:1)
  2 shock serpents (Snake:1)
  The ghost of Charly the Cleaver, a novice DDGl of Makhleb (D:10)
  A hill giant (D:9)
  A mana viper (Snake:1)
  3 ugly things (D:11)
  5 spiny frogs
  2 black mambas (Snake:1)
  2 salamanders (Snake:1)
  2 molten gargoyles (D:11)
  6 naga magi (Snake:1)
  A komodo dragon (Lair:4)
  Prince Ribbit (D:6)
  A two-headed ogre (Orc:2)
  Sigmund (D:6)
  5 hungry ghosts
  14 yaks
  6 hippogriffs
  Menkaure (D:4)
  4 wolves
  A warg (Orc:2)
  Edmund (D:5)
  7 nagas (Snake:1)
  4 porcupines
  Duvessa (D:6)
  3 water moccasins
  A black bear (D:9)
  7 phantoms
  7 ogres
  3 sky beasts
  6 orc warriors
  4 ice beasts
  2 necrophages
  3 big kobolds (D:8)
  4 centaurs
  5 crocodiles
  6 giant frogs
  A wyvern skeleton (D:8)
  2 scorpions
  Dowan (D:6)
  5 killer bees
  3 troll zombies (D:9)
  12 wights
  5 lava snakes (D:11)
  2 electric eels (D:10)
  9 crimson imps
  6 hounds
  3 jellies
  4 iguanas
  A centaur skeleton (D:4)
  2 giant frog skeletons (D:9)
  12 orc priests
  23 orc wizards
  4 worker ants
  A killer bee zombie (D:5)
  A statue (D:7)
  10 sheep
  5 ogre zombies (D:9)
  42 river rats
  15 gnolls
  A shadow imp (D:10)
  14 adders
  2 oozes
  3 worms
  5 giant geckos
  101 orcs
  2 ball pythons (D:4)
  11 bats
  9 giant cockroaches
  8 goblins
  7 hobgoblins
  6 kobolds
  3 giant newts
  3 goblin skeletons (D:9)
  4 goblin zombies (D:9)
  4 hobgoblin skeletons (D:9)
  A jackal skeleton (D:5)
  2 orc skeletons (D:9)
  12 orc zombies (D:9)
  5 quokkas
  A quokka skeleton (D:5)
  A quokka zombie (D:10)
  9 rats
  3 fungi
  A plant (Lair:1)
515 creatures vanquished.

Vanquished Creatures (collateral kills)
  A centaur skeleton (D:10)
  A spiny frog (Lair:3)
  2 trolls (D:10)
  3 yaks (D:10)
  A hound (D:10)
  A giant gecko (D:10)
9 creatures vanquished.

Vanquished Creatures (others)
  2 orcs
  4 fungi
  6 plants
12 creatures vanquished.

Grand Total: 536 creatures vanquished

Notes
Turn   | Place    | Note
--------------------------------------------------------------
     0 | D:1      | Kostja the Gargoyle Fighter began the quest for the Orb.
     0 | D:1      | Reached XP level 1. HP: 14/14 MP: 1/1
   128 | D:1      | Reached skill level 1 in Stealth
   128 | D:1      | Reached XP level 2. HP: 19/19 MP: 2/2
   705 | D:2      | Reached XP level 3. HP: 23/23 MP: 3/3
  1180 | D:2      | Reached XP level 4. HP: 29/29 MP: 4/4
  1672 | D:2      | Found a shattered altar of Ashenzari.
  1755 | D:2      | Found a glowing golden altar of the Shining One.
  1762 | D:2      | Became a worshipper of the Shining One
  1923 | D:3      | Reached skill level 4 in Fighting
  2155 | D:3      | Reached XP level 5. HP: 15/33 MP: 5/5
  3094 | D:4      | Noticed Menkaure
  3108 | D:4      | Killed Menkaure
  3108 | D:4      | Reached XP level 6. HP: 12/39 MP: 6/6
  3481 | D:4      | Noticed Edmund
  3549 | D:4      | Noticed a phantom
  3629 | D:4      | Killed a phantom
  3629 | D:4      | Reached skill level 5 in Armour
  3629 | D:4      | Reached XP level 7. HP: 20/44 MP: 7/7
  4051 | D:4      | Reached skill level 5 in Fighting
  5003 | D:4      | Reached * piety under the Shining One
  5868 | D:5      | Entered Level 5 of the Dungeon
  6103 | D:5      | Found a shimmering altar of Xom.
  6128 | D:5      | Found an iron altar of Okawaru.
  6635 | D:5      | Reached XP level 8. HP: 48/50 MP: 8/8
  6943 | D:5      | Reached skill level 5 in Stealth
  7655 | D:5      | Reached skill level 6 in Fighting
  7826 | D:5      | Reached skill level 5 in Maces & Flails
  8041 | D:5      | Reached skill level 5 in Shields
  8045 | D:5      | Found a staircase to the Ecumenical Temple.
  8105 | D:5      | Killed Edmund
  8120 | D:5      | Reached ** piety under the Shining One
  8275 | D:5      | Gained mutation: You have a somewhat thin skeletal structure (Dex +2, Stealth). [potion of mutation]
  8275 | D:5      | Gained mutation: You are dopey. (Int -2) [potion of mutation]
  8275 | D:5      | Gained mutation: You are robust (+10% HP). [potion of mutation]
  8388 | Temple   | Entered the Ecumenical Temple
  8591 | D:6      | Found Gani's Food Shop.
  8612 | D:6      | Reached XP level 9. HP: 56/61 MP: 9/9
  8641 | D:6      | Noticed Prince Ribbit
  8651 | D:6      | Killed Prince Ribbit
  8724 | D:6      | Noticed Dowan
  8734 | D:6      | Noticed Duvessa
  8774 | D:6      | Killed Dowan
  8774 | D:6      | Reached skill level 7 in Armour
  8798 | D:6      | Killed Duvessa
  8828 | D:6      | Found Lutir Hum's Food Emporium.
  8847 | D:6      | Found Zoiseif's Armour Boutique.
  9082 | D:6      | Noticed Sigmund
  9095 | D:6      | Killed Sigmund
  9280 | D:6      | Found Oceczeph's Armour Shoppe.
  9376 | D:6      | Found Furamuiv's Assorted Antiques.
  9407 | D:6      | Bought a scroll of identify for 62 gold pieces
  9407 | D:6      | Bought a scroll labeled HAUMUCASEY for 31 gold pieces
  9407 | D:6      | Bought an encrusted gilded ring for 155 gold pieces
  9508 | D:7      | Found a basalt altar of Yredelemnul.
  9978 | D:7      | Reached XP level 10. HP: 68/70 MP: 10/10
  9991 | D:7      | Reached skill level 8 in Armour
 10086 | D:7      | Found a radiant altar of Vehumet.
 10757 | D:8      | Reached *** piety under the Shining One
 10829 | D:8      | Found a shadowy altar of Dithmenos.
 11026 | D:8      | Noticed a three-headed hydra
 11042 | D:8      | Killed a three-headed hydra
 11047 | D:8      | Reached skill level 9 in Stealth
 11622 | D:9      | Reached **** piety under the Shining One
 11638 | D:9      | Reached ***** piety under the Shining One
 11692 | D:9      | Reached XP level 11. HP: 78/78 MP: 11/11
 11746 | D:9      | Found a staircase to the Orcish Mines.
 12016 | D:9      | Found a shadowy altar of Dithmenos.
 12020 | D:9      | Found a staircase to the Lair.
 12039 | Lair:1   | Entered Level 1 of the Lair of Beasts
 12294 | Lair:1   | Got a pair of dazzling boots
 12300 | Lair:1   | Identified the +3 pair of boots "Moluug" {rPois Int+7} (You found it on level 1 of the Lair of Beasts)
 12490 | D:9      | Found a sparkling altar of Nemelex Xobeh.
 12490 | D:9      | Found an ancient bone altar of Kikubaaqudgha.
 12704 | D:9      | Reached skill level 10 in Stealth
 13010 | D:9      | Noticed a hill giant
 13219 | Lair:1   | Noticed a six-headed hydra
 13293 | Orc:1    | Entered Level 1 of the Orcish Mines
 14228 | Orc:3    | Noticed an orc knight
 14285 | D:10     | Entered Level 10 of the Dungeon
 14309 | D:10     | Noticed Charly's ghost (novice DDGl)
 14579 | Lair:1   | Noticed a five-headed hydra
 14585 | Lair:1   | Killed a five-headed hydra
 14585 | Lair:1   | Reached skill level 10 in Armour
 15022 | Lair:1   | Killed a six-headed hydra
 15022 | Lair:1   | Reached skill level 10 in Fighting
 15546 | Lair:2   | Reached XP level 12. HP: 80/84 MP: 12/12
 15660 | D:9      | Killed a hill giant
 16272 | D:6      | Bought the +5 ring mail of Ymiot {rCorr} for 499 gold pieces
 16644 | Lair:3   | Got a bloodstained robe
 16655 | Lair:3   | Identified the cursed +0 robe of Leapfrog {Regen+ Dex-5 Stlth+} (You found it on level 3 of the Lair of Beasts)
 17192 | Lair:4   | Got an opalescent robe
 17203 | Lair:4   | Identified the cursed +0 robe of Liberalism {rF+ Int+4 Stlth+} (You found it on level 4 of the Lair of Beasts)
 17265 | Lair:4   | Noticed Snorg
 17654 | Lair:4   | Found a staircase to the Snake Pit.
 17825 | Lair:4   | Reached skill level 11 in Stealth
 17828 | Lair:4   | Found a staircase to the Swamp.
 18031 | Swamp:1  | Entered Level 1 of the Swamp
 18031 | Swamp:1  | Noticed a ghost crab
 18032 | Swamp:1  | Noticed an alligator
 18526 | Orc:3    | Found Xonaics Zaax's Magic Scroll Shoppe.
 18526 | Orc:3    | Noticed a stone giant
 18681 | D:10     | Killed Charly's ghost
 18807 | D:10     | Found Hadathac's Weapon Boutique.
 19183 | D:10     | Found a burning altar of Makhleb.
 19186 | D:10     | Reached ****** piety under the Shining One
 19203 | D:10     | Reached skill level 10 in Maces & Flails
 20152 | D:10     | Identified an uncursed whip of holy wrath (a whip blessed by the Shining One)
 20152 | D:10     | Received a gift from the Shining One
 21371 | D:11     | Noticed Gastronok
 21693 | Snake:1  | Entered Level 1 of the Snake Pit
 21992 | Snake:1  | Noticed a shock serpent
 22008 | Snake:1  | Killed a shock serpent
 22008 | Snake:1  | Reached XP level 13. HP: 76/92 MP: 13/13
 22457 | Snake:1  | Reached skill level 12 in Stealth
 22685 | Snake:1  | Gained mutation: You have sharp toenails. [potion of beneficial mutation]
 22737 | Snake:1  | Noticed a naga warrior
 23007 | Snake:1  | The Shining One protects you from harm!
 23007 | Snake:1  | Slain by a salamander

Action                   |  1- 3 |  4- 6 |  7- 9 | 10-12 | 13-15 || total
-------------------------+-------+-------+-------+-------+-------++-------
Melee: Flail             |    10 |       |    53 |       |       ||    63
       Club              |    26 |       |       |       |       ||    26
       Mace              |    39 |       |       |       |       ||    39
       Whip              |    43 |   326 |   596 |   172 |   109 ||  1246
       Morningstar       |       |       |    76 |   862 |    48 ||   986
Invok: Brand Weapon With |       |       |       |     1 |       ||     1
Evoke: Wand              |       |       |     8 |     2 |       ||    10
       Deck              |       |       |       |    13 |       ||    13
  Use: Potion            |     3 |     1 |     7 |     7 |     2 ||    20
       Scroll            |     2 |     6 |    10 |    24 |     3 ||    45
 Stab: Sleeping          |       |       |     1 |     4 |       ||     5
       Distracted        |       |       |       |     2 |       ||     2
  Eat: Chunk             |     1 |     7 |    18 |    27 |       ||    53
       Fruit             |       |       |     1 |    12 |       ||    13
       Meat ration       |       |       |     1 |     1 |       ||     2
       Bread ration      |       |       |       |     1 |       ||     1
       Pizza             |       |       |       |     1 |       ||     1
